APL (24 & UNDER)
SAVANNAH HOGS @ KENOSHA KINGFISH
09/16/2028
 
TOP OF THE 1ST
Savannah Hogs batting - Pitching for Kenosha Kingfish : RHP Alberto Sánchez
Pitching: RHP Alberto Sánchez
Batting: RHB Guillermo González 0-0: Ball
1-0: Foul Ball, location: 2F
1-1: Foul Ball, location: 2F
1-2: Foul Ball, location: 2F
1-2: Ball
2-2: Foul Ball, location: 2F
2-2: Ball
3-2: Strikes out swinging
Batting: RHB Joel García 0-0: Ball
1-0: Ball
2-0: Called Strike
2-1: Foul Ball, location: 2F
2-2: Strikes out swinging
Batting: RHB Henry Haines 0-0: Ball
1-0: DOUBLE (Line Drive, 3D)
Batting: RHB Ramón Gómez 0-0: Ground out 4-3 (Groundball, 4)
Top of the 1st over - 0 run(s), 1 hit(s), 0 error(s), 1 left on base; Savannah 0 - Kenosha 0
BOTTOM OF THE 1ST
Kenosha Kingfish batting - Pitching for Savannah Hogs : RHP Landon Bailey
Pitching: RHP Landon Bailey
Batting: LHB Marvin Nichols 0-0: Bunt for hit - play at first, batter OUT! 1-3
Batting: RHB Ron Campbell 0-0: Called Strike
0-1: Ball
1-1: SINGLE (Flyball, 89S)
Batting: RHB Alejandro Ramírez 0-0: Called Strike
0-1: Called Strike
0-2: Strikes out swinging
Batting: LHB Juan Rodríguez 0-0: Called Strike
Ron Campbell steals 2nd base
0-1: SINGLE (Flyball, 8RS)
Ron Campbell to third
Runner from 3rd tries for Home, throw and OUT!
Bottom of the 1st over - 0 run(s), 2 hit(s), 0 error(s), 1 left on base; Savannah 0 - Kenosha 0
TOP OF THE 2ND
Savannah Hogs batting - Pitching for Kenosha Kingfish : RHP Alberto Sánchez
Batting: RHB Júlio Contreras 0-0: Foul Ball, location: 2F
0-1: Ball
1-1: Called Strike
1-2: Foul Ball, location: 2F
1-2: Strikes out swinging
Batting: RHB Jorge Chávez 0-0: Ball
1-0: Foul Ball, location: 2F
1-1: Ball
2-1: Foul Ball, location: 2F
2-2: SINGLE (Line Drive, 8LS)
Batting: RHB Luis González 0-0: Ball
1-0: Ball
2-0: Ball
3-0: Called Strike
3-1: Called Strike
3-2: Fly out, F9 (Flyball, 9)
Batting: RHB Miguel Cervantes 0-0: Ball
Jorge Chávez is caught stealing 2nd base
Top of the 2nd over - 0 run(s), 1 hit(s), 0 error(s), 0 left on base; Savannah 0 - Kenosha 0
BOTTOM OF THE 2ND
Kenosha Kingfish batting - Pitching for Savannah Hogs : RHP Landon Bailey
Batting: RHB Ben Kearley 0-0: Swinging Strike
0-1: SINGLE (Groundball, 56D)
Batting: RHB Millard Ferguson 0-0: Foul Ball, location: 2F
0-1: Ball
1-1: Ball
2-1: Foul Ball, location: 2F
2-2: Hit by Pitch
Ben Kearley to second
Batting: RHB Cristián López 0-0: Ball
1-0: Foul Ball, location: 2F
1-1: Ball
2-1: Ball
3-1: Base on Balls
Ben Kearley to third
Millard Ferguson to second
Batting: RHB Juan Escalante 0-0: Ball
1-0: Called Strike
1-1: SINGLE (Groundball, 4D)
Ben Kearley scores
Millard Ferguson to third
Cristián López to second
Runner from 3rd tries for Home, SAFE, throw made home
Cristián López to third
Juan Escalante to second
Batting: RHB David Barker 0-0: Ball
1-0: Swinging Strike
1-1: Swinging Strike
1-2: Strikes out looking
Batting: LHB Marvin Nichols 0-0: Ball
1-0: 3-RUN HOME RUN (Flyball, 89XD), Distance : 423 ft
Batting: RHB Ron Campbell 0-0: Swinging Strike
0-1: Ball
1-1: Called Strike
1-2: Strikes out swinging
Batting: RHB Alejandro Ramírez 0-0: Called Strike
0-1: Fly out, F4 (Line Drive, 4M)
Bottom of the 2nd over - 5 run(s), 3 hit(s), 0 error(s), 0 left on base; Savannah 0 - Kenosha 5
TOP OF THE 3RD
Savannah Hogs batting - Pitching for Kenosha Kingfish : RHP Alberto Sánchez
Batting: RHB Miguel Cervantes 0-0: Ball
1-0: Foul Ball, location: 2F
1-1: Swinging Strike
1-2: Strikes out looking
Batting: LHB Felipe Franco 0-0: Ball
1-0: Called Strike
1-1: Ball
2-1: Ball
3-1: Swinging Strike
3-2: Foul Ball, location: 2F
3-2: Strikes out swinging
Batting: RHB Guillermo González 0-0: Called Strike
0-1: Foul Ball, location: 2F
0-2: Strikes out swinging
Top of the 3rd over - 0 run(s), 0 hit(s), 0 error(s), 0 left on base; Savannah 0 - Kenosha 5
BOTTOM OF THE 3RD
Kenosha Kingfish batting - Pitching for Savannah Hogs : RHP Landon Bailey
Batting: LHB Juan Rodríguez 0-0: Ball
1-0: Fly out, F9 (Flyball, 9)
Batting: RHB Ben Kearley 0-0: Ball
1-0: DOUBLE (Line Drive, 89XD)
Batting: RHB Millard Ferguson 0-0: Ball
1-0: SINGLE (Line Drive, 89S)
Ben Kearley to third
Runner from 3rd tries for Home, throw and OUT!
Batting: RHB Cristián López 0-0: Fly out, F8 (Flyball, 8LS)
Bottom of the 3rd over - 0 run(s), 2 hit(s), 0 error(s), 1 left on base; Savannah 0 - Kenosha 5
TOP OF THE 4TH
Savannah Hogs batting - Pitching for Kenosha Kingfish : RHP Alberto Sánchez
Batting: RHB Joel García 0-0: Called Strike
0-1: Ball
1-1: Fly out, F7 (Flyball, 78D)
Batting: RHB Henry Haines 0-0: Called Strike
0-1: Ball
1-1: Foul Ball, location: 2F
1-2: Foul Ball, location: 2F
1-2: Strikes out swinging
Batting: RHB Ramón Gómez 0-0: Ball
1-0: Ball
2-0: Ball
3-0: Base on Balls
Batting: RHB Júlio Contreras 0-0: Foul Ball, location: 2F
0-1: Ball
1-1: Ball
2-1: Foul Ball, location: 2F
2-2: Ball
Ramón Gómez steals 2nd base
3-2: Base on Balls
Batting: RHB Jorge Chávez 0-0: Called Strike
0-1: Foul Ball, location: 2F
0-2: Foul Ball, location: 2F
0-2: SINGLE (Groundball, 56S) (infield hit)
Ramón Gómez to third
Júlio Contreras to second
Batting: RHB Luis González 0-0: Ball
1-0: Ball
2-0: Called Strike
2-1: Fly out, F8 (Flyball, 8LS)
Top of the 4th over - 0 run(s), 1 hit(s), 0 error(s), 3 left on base; Savannah 0 - Kenosha 5
BOTTOM OF THE 4TH
Kenosha Kingfish batting - Pitching for Savannah Hogs : RHP Landon Bailey
Batting: RHB Juan Escalante 0-0: Ball
1-0: Ball
2-0: Ball
3-0: Base on Balls
Batting: RHB David Barker 0-0: Ball
1-0: Ball
2-0: Fly out, F8 (Flyball, 8RS)
Batting: LHB Marvin Nichols 0-0: Foul Ball, location: 2F
0-1: Ball
1-1: Called Strike
1-2: Ball
2-2: Ball
3-2: Strikes out swinging
Batting: RHB Ron Campbell 0-0: Ball
1-0: Ground out U3 (Groundball, 3L)
Bottom of the 4th over - 0 run(s), 0 hit(s), 0 error(s), 1 left on base; Savannah 0 - Kenosha 5
TOP OF THE 5TH
Savannah Hogs batting - Pitching for Kenosha Kingfish : RHP Alberto Sánchez
Batting: RHB Miguel Cervantes 0-0: Ball
1-0: SINGLE (Groundball, 6MD)
Batting: LHB Felipe Franco 0-0: Called Strike
0-1: Called Strike
0-2: Foul Ball, location: 2F
0-2: Ball
1-2: Strikes out swinging
Batting: RHB Guillermo González 0-0: Called Strike
0-1: Ball
1-1: Called Strike
1-2: Grounds into double play, 5-4-3 (Groundball, 56)
Top of the 5th over - 0 run(s), 1 hit(s), 0 error(s), 0 left on base; Savannah 0 - Kenosha 5
BOTTOM OF THE 5TH
Kenosha Kingfish batting - Pitching for Savannah Hogs : RHP Landon Bailey
Batting: RHB Alejandro Ramírez 0-0: Foul Ball, location: 2F
0-1: SINGLE (Flyball, 89S)
Pitching: RHP Kelly Woodside
Batting: LHB Juan Rodríguez 0-0: Fly out, F3 (Popup, 3L)
Batting: RHB Ben Kearley 0-0: Ball
1-0: Foul Ball, location: 2F
1-1: Grounds into double play, 4-6-3 (Groundball, 4)
Bottom of the 5th over - 0 run(s), 1 hit(s), 0 error(s), 0 left on base; Savannah 0 - Kenosha 5
TOP OF THE 6TH
Savannah Hogs batting - Pitching for Kenosha Kingfish : RHP Alberto Sánchez
Batting: RHB Joel García 0-0: Called Strike
0-1: Foul Ball, location: 2F
0-2: Ball
1-2: Fly out, F9 (Flyball, 9S)
Pitching: LHP Javier Robles
Batting: RHB Henry Haines 0-0: Foul Ball, location: 2F
0-1: Ball
1-1: Called Strike
1-2: Ball
2-2: Foul Ball, location: 2F
2-2: Strikes out swinging
Batting: RHB Ramón Gómez 0-0: Ball
1-0: Foul Ball, location: 2F
1-1: Swinging Strike
1-2: Strikes out swinging
Top of the 6th over - 0 run(s), 0 hit(s), 0 error(s), 0 left on base; Savannah 0 - Kenosha 5
BOTTOM OF THE 6TH
Kenosha Kingfish batting - Pitching for Savannah Hogs : RHP Kelly Woodside
Batting: RHB Millard Ferguson 0-0: SINGLE (Flyball, 8RS)
Batting: RHB Cristián López 0-0: SINGLE (Line Drive, 6M)
Millard Ferguson to second
Batting: RHB Juan Escalante 0-0: SINGLE (Line Drive, 7S)
Millard Ferguson to third
Cristián López to second
Batting: RHB David Barker 0-0: Called Strike
0-1: Ball
1-1: Grounds into double play, 6-4-3 (Groundball, 6)
Millard Ferguson scores
Cristián López to third
Batting: LHB Marvin Nichols 0-0: Called Strike
0-1: SINGLE (Groundball, 3) (infield hit)
Cristián López scores
Batting: RHB Ron Campbell 0-0: Ball
Marvin Nichols is caught stealing 2nd base
Bottom of the 6th over - 2 run(s), 4 hit(s), 0 error(s), 0 left on base; Savannah 0 - Kenosha 7
TOP OF THE 7TH
Savannah Hogs batting - Pitching for Kenosha Kingfish : LHP Javier Robles
Batting: RHB Júlio Contreras 0-0: Ball
1-0: Foul Ball, location: 2F
1-1: Ball
2-1: Swinging Strike
2-2: Strikes out looking
Batting: RHB Jorge Chávez 0-0: Fly out, F8 (Flyball, 8LS)
Batting: RHB Luis González 0-0: Foul Ball, location: 2F
0-1: Ball
1-1: Ball
2-1: SINGLE (Line Drive, 4MD)
Batting: RHB Miguel Cervantes 0-0: Ball
1-0: Ball
2-0: Ball
3-0: Called Strike
3-1: Foul Ball, location: 2F
3-2: Ground out 4-3 (Groundball, 4M)
Top of the 7th over - 0 run(s), 1 hit(s), 0 error(s), 1 left on base; Savannah 0 - Kenosha 7
BOTTOM OF THE 7TH
Kenosha Kingfish batting - Pitching for Savannah Hogs : RHP Kelly Woodside
Batting: RHB Ron Campbell 0-0: Ball
1-0: Called Strike
1-1: Ground out 6-3 (Groundball, 6)
Batting: RHB Alejandro Ramírez 0-0: Ball
1-0: Ball
2-0: Ball
3-0: Called Strike
3-1: Base on Balls
Batting: LHB Juan Rodríguez 0-0: Ball
Wild Pitch!
Alejandro Ramírez to second
1-0: Fly out, F9 (Line Drive, 89M)
Runner from 2nd tags up, SAFE at 3rd with throw
Batting: RHB Ben Kearley 0-0: Ball
1-0: Ball
2-0: Foul Ball, location: 2F
2-1: Ground out 5-3 (Groundball, 56S)
Bottom of the 7th over - 0 run(s), 0 hit(s), 0 error(s), 1 left on base; Savannah 0 - Kenosha 7
TOP OF THE 8TH
Savannah Hogs batting - Pitching for Kenosha Kingfish : LHP Javier Robles
Batting: LHB Felipe Franco 0-0: Ball
1-0: Ball
2-0: Ball
3-0: Base on Balls
Batting: RHB Guillermo González 0-0: Ball
1-0: Ball
2-0: Ball
3-0: Foul Ball, location: 2F
3-1: Foul Ball, location: 2F
3-2: Strikes out swinging
Batting: RHB Joel García 0-0: Called Strike
0-1: Swinging Strike
0-2: Strikes out looking
Batting: RHB Henry Haines 0-0: Ball
1-0: Ball
2-0: Foul Ball, location: 2F
2-1: Swinging Strike
2-2: Ball
3-2: Foul Ball, location: 2F
3-2: Strikes out swinging
Top of the 8th over - 0 run(s), 0 hit(s), 0 error(s), 1 left on base; Savannah 0 - Kenosha 7
BOTTOM OF THE 8TH
Kenosha Kingfish batting - Pitching for Savannah Hogs : RHP Kelly Woodside
Batting: RHB Millard Ferguson 0-0: Ball
1-0: Called Strike
1-1: Ball
2-1: Foul Ball, location: 2F
2-2: Strikes out swinging
Batting: RHB Cristián López 0-0: Ball
1-0: Called Strike
1-1: Ball
2-1: Foul Ball, location: 2F
2-2: Ball
3-2: SINGLE (Flyball, 89S)
Batting: RHB Juan Escalante 0-0: Ball
Wild Pitch!
Cristián López to second
1-0: Called Strike
1-1: Ground out 4-3 (Groundball, 4)
Cristián López to third
Batting: RHB David Barker 0-0: Ball
1-0: Called Strike
1-1: Foul Ball, location: 2F
1-2: Fly out, F8 (Line Drive, 8LM)
Bottom of the 8th over - 0 run(s), 1 hit(s), 0 error(s), 1 left on base; Savannah 0 - Kenosha 7
TOP OF THE 9TH
Savannah Hogs batting - Pitching for Kenosha Kingfish : LHP Javier Robles
Batting: RHB Ramón Gómez 0-0: Called Strike
0-1: Foul Ball, location: 2F
0-2: Ball
1-2: Strikes out swinging
Batting: RHB Júlio Contreras 0-0: Foul Ball, location: 2F
0-1: Ground out 6-3 (Groundball, 6)
Batting: RHB Jorge Chávez 0-0: Swinging Strike
0-1: Foul Ball, location: 2F
0-2: Ball
1-2: Strikes out swinging
Top of the 9th over - 0 run(s), 0 hit(s), 0 error(s), 0 left on base; Savannah 0 - Kenosha 7
Tuesday, August 8th, 2017 - OOTP Baseball 17.12 Build 75